 Dungeon Crawl Stone Soup version 0.29-a0-334-gb41bcbb86e (webtiles) character file.

Game seed: 6058583647852255869

183 bande the Covered (level 5, -15/33 HPs)
             Began as a Gargoyle Fighter on Apr 13, 2022.
             Blown up by an orc wizard (20 damage)
             ... with a mindburst bolt
             ... on level 4 of the Dungeon.
             The game lasted 00:04:44 (2574 turns).

bande the Covered (Gargoyle Fighter)                Turns: 2574, Time: 00:04:45

Health: -15/33     AC: 13    Str: 20    XL:     5   Next: 62%
Magic:  5/5        EV:  7    Int:  8    God:
Gold:   182        SH:  0    Dex: 17    Spells: 4/4 levels left

rFire   . . .      SeeInvis .   a - +1 war axe
rCold   . . .      Faith    .   c - +1 buckler
rNeg    + . .      Spirit   .   h - +0 chain mail
rPois   ∞          Reflect  .   (no helmet)
rElec   +          Harm     .   (no cloak)
rCorr   .          Rampage  .   (no gloves)
Will    .....                   (no boots)
Stlth   ..........              (no amulet)
HPRegen 0.11/turn               r - +6 ring of dexterity
MPRegen 0.09/turn               (no ring)

@: confused
A: sickness immunity, AC +4, negative energy resistance 1, electricity
resistance, torment resistance 1, petrification resistance
a: no special abilities


You were on level 4 of the Dungeon.
You visited 1 branch of the dungeon, and saw 4 of its levels.

You collected 182 gold pieces.

Inventory:

Hand Weapons
 a - a +1 war axe (weapon)
 g - a +0 flail
Armour
 c - a +1 buckler (worn)
 h - a +0 chain mail (worn)
Jewellery
 i - a ring of magical power
 k - a ring of positive energy
 r - a +6 ring of dexterity (left hand)
Wands
 m - a wand of iceblast (9)
Scrolls
 j - a scroll of fear
 o - a scroll of fog
 q - a scroll of teleportation
Potions
 b - a potion of haste {unknown}
 d - a potion of might
 e - 2 potions of attraction {unknown}
 f - 2 potions of curing
 l - 2 potions of mutation {unknown}
 n - 2 potions of flight {unknown}
 p - a potion of magic {unknown}


   Skills:
 + Level 4.0 Fighting
 + Level 3.6 Axes
 + Level 4.2 Armour
 + Level 3.9 Shields
 * Level 0.8 Evocations


You had 4 spell levels left.
You didn't know any spells.
Your spell library was empty.

Dungeon Overview and Level Annotations

Branches:
Dungeon (4/15)
 Temple: D:4-7

Altars:
Fedhas


Innate Abilities, Weirdness & Mutations

You are immune to sickness and miasma.
Your stone body is resilient. (AC +4)
You are immune to poison.
You resist negative energy. (rN+)
You are resistant to electric shocks. (rElec)
You are resistant to unholy torment.
You are immune to petrification.


Message History

You closely miss the orc wizard.
The orc wizard hits you but does no damage. x2
You barely miss the orc wizard.
The orc wizard gestures at you while chanting.
You resist with some effort.
You hit the orc wizard.
The orc wizard is moderately wounded.
You block the orc wizard's attack.
You hit the orc wizard.
The orc wizard is heavily wounded.
The orc wizard hits you but does no damage.
The orc wizard hits you with a +0 dagger.
You miss the orc wizard.
The orc wizard is heavily wounded.
The orc wizard gestures wildly while chanting.
The orc wizard flickers and vanishes!
Deactivating autopickup; reactivate with Ctrl-A.
You hit something.
The orc wizard zaps a wand.
Something's mind is blasted!
Reactivating autopickup.
You feel a bit more experienced.
You hit the orc wizard.
The orc wizard is moderately wounded.
The orc wizard closely misses you.
You hit the orc wizard.
The orc wizard is heavily wounded.
The orc wizard zaps a wand.
Your mind is blasted!
Ouch! That really hurt!
* * * LOW HITPOINT WARNING * * *
You are too injured to fight recklessly!
You are too injured to fight recklessly!
You are too injured to fight recklessly!
You are too injured to fight recklessly!
You are too injured to fight recklessly!
You hit the orc wizard but do no damage.
The orc wizard is heavily wounded.
The orc wizard points at you and mumbles some strange words.
You are confused.
The orc wizard zaps a wand.
Your mind is blasted!
Ouch! That really hurt!
You die...

#.. .. #. #.## #..# .
#.## #####
....#####$.###...#
....ooo@..†.†..#.#######
....#####..#####........
# ##.#.......[.###
#...#######.# ##..#
#..<#.# #..#####.#.#
#.>#.....#.#
########.#####.#
#..............#


You could see an orc wizard and 2 orcs.

Vanquished Creatures
  3 gnolls (D:3)
  6 adders
  A worm (D:3)
  2 dart slugs
  5 orcs (D:3)
  4 ball pythons
  6 endoplasms
  5 giant cockroaches
  4 goblins
  11 hobgoblins
  5 kobolds
  2 quokkas (D:2)
  3 bats
  3 frilled lizards
  8 rats
68 creatures vanquished.

Vanquished Creatures (others)
  An orc wizard (D:4)
1 creature vanquished.

Grand Total: 69 creatures vanquished

Notes
Turn   | Place    | Note
-------+----------+-------------------------------------------
     0 | D:1      | bande the Gargoyle Fighter began the quest for the Orb.
     0 | D:1      | Reached XP level 1. HP: 14/14 MP: 1/1
   125 | D:1      | Found a faded altar of an unknown god.
   196 | D:1      | Reached XP level 2. HP: 19/19 MP: 2/2
   804 | D:1      | Reached XP level 3. HP: 12/23 MP: 3/3
  1124 | D:2      | Reached XP level 4. HP: 25/29 MP: 4/4
  1919 | D:3      | Found a blossoming altar of Fedhas.
  1934 | D:3      | Reached XP level 5. HP: 33/33 MP: 5/5
  2574 | D:4      | Blown up by an orc wizard

Illustrated notes

Levels and vault maps discovered:
D:1:      minmay_arrival_five_plusses, layout_basic,
          chequers_ecumenical_altar_simple_redux, minmay_large_rounded_square
D:2:      layout_rooms, chequers_garden, minmay_tromino_v4_c
D:3:      layout_rooms, lemuel_crystal_altar
D:4:      layout_basic, cheibrodos_ashenzari_chains, lemuel_round_altar,
          serial_shops, shop_statue

Skill      XL: |  1  2  3  4  5 |
---------------+----------------+-----
Axes           | 2 3 |  3.6
Armour         | 4 |  4.2
Fighting       | 4 |  4.0
Shields        | |  3.9
Evocations     | |  0.8

Action                   |  1- 3 |  4- 6 || total
-------------------------+-------+-------++-------
Melee: War axe           |    66 |   115 ||   181
  Use: Scroll            |     5 |     3 ||     8
Armor: Scale mail        |    41 |       ||    41
       Chain mail        |       |    75 ||    75
Dodge: Dodged            |    28 |    39 ||    67
Block: Buckler           |    31 |    38 ||    69

Table legend: (Time is in decaauts)
 A = Elapsed time spent in this place.
 B = Non-inter-level travel time spent in this place.
 C = Inter-level travel time spent in this place.
 D = Time resting spent in this place.
 E = Time spent auto-exploring this place.
 F = Levels seen in this place.
 G = Mean time per level.
                   A        B        C        D        E       F      G
               +--------+--------+--------+--------+--------+-----+--------+
         Total |   2649 |   2565 |     84 |    357 |   1634 |   4 |  662.2 |
       Dungeon |   2649 |   2565 |     84 |    357 |   1634 |   4 |  662.2 |
               +--------+--------+--------+--------+--------+-----+--------+

Top non-repeatable levels by time:
     D:3: 1005 daAuts
     D:1: 962 daAuts
     D:2: 589 daAuts
     D:4: 92 daAuts
